| TOP OF THE 1ST |
|
Lansing Lugnuts batting - Pitching for Kannapolis Intimidators : RHP Ruben Castro
|
|
Pitching: RHP Ruben Castro
|
|
|
Batting: RHB Dylan Phillips
|
0-0: Called Strike 0-1: Foul Ball, location: 2F 0-2: SINGLE (Groundball, 5S, EV 65.0 MPH) (infield hit)
|
|
Batting: RHB Carlos Renteria
|
0-0: Ball Dylan Phillips is caught stealing 2nd base 2-4 1-0: Called Strike 1-1: Ball 2-1: Swinging Strike 2-2: SINGLE (Groundball, 56D, EV 106.2 MPH)
|
|
Batting: LHB Marc Carter
|
0-0: Swinging Strike 0-1: Called Strike 0-2: Ball 1-2: Ball 2-2: Ball 3-2: Base on Balls Carlos Renteria to second
|
|
Batting: RHB Raul de la Cruz
|
0-0: Called Strike 0-1: Ball Carlos Renteria steals 3rd base 1-1: Fly out, F3 (Popup, 3F, EV 67.5 MPH)
|
|
Batting: LHB Danny Bailey
|
0-0: Called Strike 0-1: Fly out, F9 (Flyball, 9D, EV 100.6 MPH)
|
| Top of the 1st over - 0 runs, 2 hits, 0 errors, 2 left on base; Lansing 0 - Kannapolis 0 |
| BOTTOM OF THE 1ST |
|
Kannapolis Intimidators batting - Pitching for Lansing Lugnuts : LHP Jon Valdovinos
|
|
Pitching: LHP Jon Valdovinos
|
|
|
Batting: RHB Kunimatsu Oya
|
0-0: Ball 1-0: Ball 2-0: Called Strike 2-1: Ball 3-1: Swinging Strike 3-2: Fly out, F7 (Flyball, 7LS, EV 75.0 MPH)
|
|
Batting: RHB Ethan McCullough
|
0-0: Called Strike 0-1: Foul Ball, location: 2F 0-2: Ball 1-2: Foul Ball, location: 2F 1-2: Ball 2-2: DOUBLE (Line Drive, 78M, EV 110.0 MPH)
|
|
Batting: RHB Corey Dalton
|
0-0: Foul Ball, location: 2F 0-1: Called Strike 0-2: Foul Ball, location: 2F 0-2: Ball 1-2: Ball 2-2: Ball 3-2: Base on Balls
|
|
Batting: RHB Nick Kleckner
|
0-0: Foul Ball, location: 2F 0-1: Ball 1-1: DOUBLE (Line Drive, 78D, EV 106.9 MPH) Ethan McCullough scores Corey Dalton to third
|
|
Batting: SHB Andres Agudo
|
0-0: Ball 1-0: Ball 2-0: Foul Ball, location: 2F 2-1: Foul Ball, location: 2F 2-2: Strikes out swinging
|
|
Batting: SHB Noah Long
|
0-0: Ball 1-0: Ball 2-0: Called Strike 2-1: Foul Ball, location: 2F 2-2: Strikes out looking
|
| Bottom of the 1st over - 1 run, 2 hits, 0 errors, 2 left on base; Lansing 0 - Kannapolis 1 |
| TOP OF THE 2ND |
|
Lansing Lugnuts batting - Pitching for Kannapolis Intimidators : RHP Ruben Castro
|
|
Batting: RHB Butch Koglin
|
0-0: Ball 1-0: Ball 2-0: Called Strike 2-1: Swinging Strike 2-2: Ball 3-2: Foul Ball, location: 2F 3-2: Base on Balls
|
|
Batting: RHB Javier Garcia
|
0-0: Called Strike Butch Koglin is caught stealing 2nd base 2-4 0-1: Ball 1-1: Fly out, F8 (Flyball, 78M, EV 79.4 MPH)
|
|
Batting: LHB Roger Escareno
|
0-0: Ball 1-0: Ground out 4-3 (Groundball, 4, EV 85.6 MPH)
|
| Top of the 2nd over - 0 runs, 0 hits, 0 errors, 0 left on base; Lansing 0 - Kannapolis 1 |
| BOTTOM OF THE 2ND |
|
Kannapolis Intimidators batting - Pitching for Lansing Lugnuts : LHP Jon Valdovinos
|
|
Batting: RHB Tommy Ellington
|
0-0: Called Strike 0-1: Foul Ball, location: 2F 0-2: Ball 1-2: Strikes out looking
|
|
Batting: RHB Kaoru Hamada
|
0-0: Ground out 5-3 (Groundball, 56, EV 103.8 MPH)
|
|
Batting: RHB Miguel Pacheco
|
0-0: Ball 1-0: DOUBLE (Flyball, 78D, EV 98.1 MPH)
|
|
Batting: RHB Kunimatsu Oya
|
0-0: Ground out 6-3 (Groundball, 6, EV 99.4 MPH)
|
| Bottom of the 2nd over - 0 runs, 1 hit, 0 errors, 1 left on base; Lansing 0 - Kannapolis 1 |
| TOP OF THE 3RD |
|
Lansing Lugnuts batting - Pitching for Kannapolis Intimidators : RHP Ruben Castro
|
|
Batting: RHB Ricky Carbajal
|
0-0: Swinging Strike 0-1: Swinging Strike 0-2: Fly out, F8 (Flyball, 89M, EV 90.6 MPH)
|
|
Batting: RHB Dylan Phillips
|
0-0: Ball 1-0: Called Strike 1-1: Swinging Strike 1-2: Fly out, F3 (Line Drive, 3L, EV 70.0 MPH)
|
|
Batting: RHB Carlos Renteria
|
0-0: Called Strike 0-1: SINGLE (Groundball, 6MD, EV 94.4 MPH)
|
|
Batting: LHB Marc Carter
|
0-0: Ball 1-0: SINGLE (Groundball, 6M, EV 88.8 MPH) (infield hit) Carlos Renteria to second
|
|
Batting: RHB Raul de la Cruz
|
0-0: Ball 1-0: Swinging Strike 1-1: Ball 2-1: Foul Ball, location: 2F 2-2: Strikes out swinging
|
| Top of the 3rd over - 0 runs, 2 hits, 0 errors, 2 left on base; Lansing 0 - Kannapolis 1 |
| BOTTOM OF THE 3RD |
|
Kannapolis Intimidators batting - Pitching for Lansing Lugnuts : LHP Jon Valdovinos
|
|
Batting: RHB Ethan McCullough
|
0-0: Ground out U3 (Groundball, 3, EV 90.0 MPH)
|
|
Batting: RHB Corey Dalton
|
0-0: Ball 1-0: Called Strike 1-1: DOUBLE (Flyball, 89XD, EV 96.9 MPH)
|
|
Batting: RHB Nick Kleckner
|
0-0: SINGLE (Groundball, 4MD, EV 101.2 MPH) Corey Dalton to third Runner from 3rd tries for Home, SAFE, throw by CF to home Nick Kleckner to second
|
|
Batting: SHB Andres Agudo
|
0-0: Ball 1-0: Called Strike 1-1: Ground out 6-3 (Groundball, 6, EV 103.1 MPH)
|
|
Batting: SHB Noah Long
|
0-0: Foul Ball, location: 2F 0-1: Foul Ball, location: 2F 0-2: Ground out 3-1 (Groundball, 34S, EV 70.0 MPH)
|
| Bottom of the 3rd over - 1 run, 2 hits, 0 errors, 1 left on base; Lansing 0 - Kannapolis 2 |
| TOP OF THE 4TH |
|
Lansing Lugnuts batting - Pitching for Kannapolis Intimidators : RHP Ruben Castro
|
|
Batting: LHB Danny Bailey
|
0-0: Called Strike 0-1: Ball 1-1: Ball 2-1: Ball 3-1: Base on Balls
|
|
Batting: RHB Butch Koglin
|
0-0: Called Strike Danny Bailey is caught stealing 2nd base 2-4 0-1: Ball 1-1: Foul Ball, location: 2F 1-2: Foul Ball, location: 2F 1-2: Fly out, F8 (Flyball, 8LXD, EV 93.1 MPH)
|
|
Batting: RHB Javier Garcia
|
0-0: Called Strike 0-1: Ball 1-1: Ground out 6-3 (Groundball, 6, EV 86.2 MPH)
|
| Top of the 4th over - 0 runs, 0 hits, 0 errors, 0 left on base; Lansing 0 - Kannapolis 2 |
| BOTTOM OF THE 4TH |
|
Kannapolis Intimidators batting - Pitching for Lansing Lugnuts : LHP Jon Valdovinos
|
|
Batting: RHB Tommy Ellington
|
0-0: Ground out 6-3 (Groundball, 56, EV 82.5 MPH)
|
|
Batting: RHB Kaoru Hamada
|
0-0: SINGLE (Line Drive, 8RS, EV 100.0 MPH)
|
|
Batting: RHB Miguel Pacheco
|
0-0: Foul Ball, location: 2F 0-1: Called Strike 0-2: Strikes out swinging
|
|
Batting: RHB Kunimatsu Oya
|
0-0: Called Strike 0-1: Foul Ball, location: 2F 0-2: Ball 1-2: Fly out, F6 (Line Drive, 6M, EV 67.5 MPH)
|
| Bottom of the 4th over - 0 runs, 1 hit, 0 errors, 1 left on base; Lansing 0 - Kannapolis 2 |
| TOP OF THE 5TH |
|
Lansing Lugnuts batting - Pitching for Kannapolis Intimidators : RHP Ruben Castro
|
|
Batting: LHB Roger Escareno
|
0-0: Called Strike 0-1: Foul Ball, location: 2F 0-2: Ground out 2-3 (Groundball, 15S, EV 68.1 MPH)
|
|
Batting: RHB Ricky Carbajal
|
0-0: Called Strike 0-1: Foul Ball, location: 2F 0-2: Ball 1-2: SINGLE (Groundball, 56S, EV 68.8 MPH) (infield hit)
|
|
Batting: RHB Dylan Phillips
|
0-0: Called Strike 0-1: Ball 1-1: Ball 2-1: Called Strike Ricky Carbajal is caught stealing 2nd base 2-4 2-2: Ball 3-2: Foul Ball, location: 2F 3-2: Foul Ball, location: 2F 3-2: Foul Ball, location: 2F 3-2: Base on Balls
|
|
Batting: RHB Carlos Renteria
|
0-0: Called Strike 0-1: Ground out 4-3 (Groundball, 34, EV 85.6 MPH)
|
| Top of the 5th over - 0 runs, 1 hit, 0 errors, 1 left on base; Lansing 0 - Kannapolis 2 |
| BOTTOM OF THE 5TH |
|
Kannapolis Intimidators batting - Pitching for Lansing Lugnuts : LHP Jon Valdovinos
|
|
Batting: RHB Ethan McCullough
|
0-0: Called Strike 0-1: Foul Ball, location: 2F 0-2: SOLO HOME RUN (Flyball, 9LD, EV 91.9 MPH), Distance : 325 ft
|
|
Batting: RHB Corey Dalton
|
0-0: Called Strike 0-1: Fly out, F9 (Flyball, 9S, EV 88.1 MPH)
|
|
Batting: RHB Nick Kleckner
|
0-0: Called Strike 0-1: Ball 1-1: SINGLE (Groundball, 6MD, EV 108.8 MPH)
|
|
Batting: SHB Andres Agudo
|
0-0: Ball 1-0: Foul Ball, location: 2F 1-1: Foul Ball, location: 2F 1-2: Strikes out looking
|
|
Batting: SHB Noah Long
|
0-0: Called Strike 0-1: Ball 1-1: Swinging Strike 1-2: Ground out 2-3 (Groundball, 15S, EV 65.6 MPH)
|
| Bottom of the 5th over - 1 run, 2 hits, 0 errors, 1 left on base; Lansing 0 - Kannapolis 3 |
| TOP OF THE 6TH |
|
Lansing Lugnuts batting - Pitching for Kannapolis Intimidators : RHP Ruben Castro
|
|
Batting: LHB Marc Carter
|
0-0: Foul Ball, location: 2F 0-1: Called Strike 0-2: Strikes out swinging
|
|
Pitching: RHP Matt Christensen
|
|
|
Batting: RHB Raul de la Cruz
|
0-0: DOUBLE (Line Drive, 8LXD, EV 110.0 MPH)
|
|
Batting: LHB Danny Bailey
|
0-0: Ball 1-0: Foul Ball, location: 2F 1-1: SINGLE (Groundball, 6S, EV 76.9 MPH) (infield hit) Raul de la Cruz to third
|
|
Batting: RHB Butch Koglin
|
0-0: Ball 1-0: Ball 2-0: Ball 3-0: Called Strike 3-1: Called Strike 3-2: Strikes out looking Danny Bailey steals 2nd base (no throw) Batter strikes out.
|
|
Batting: RHB Javier Garcia
|
0-0: Ball 1-0: Ground out 6-3 (Groundball, 6, EV 81.9 MPH)
|
| Top of the 6th over - 0 runs, 2 hits, 0 errors, 2 left on base; Lansing 0 - Kannapolis 3 |
| BOTTOM OF THE 6TH |
|
Kannapolis Intimidators batting - Pitching for Lansing Lugnuts : LHP Jon Valdovinos
|
|
Batting: RHB Tommy Ellington
|
0-0: Called Strike 0-1: Foul Ball, location: 2F 0-2: Ball 1-2: Ball 2-2: SINGLE (Groundball, 6MD, EV 95.6 MPH)
|
|
Batting: RHB Kaoru Hamada
|
0-0: Ball 1-0: Foul Ball, location: 2F 1-1: DOUBLE (Line Drive, 89D, EV 107.5 MPH) Tommy Ellington to third Runner from 3rd tries for Home, SAFE, no throw by RF
|
|
Batting: RHB Miguel Pacheco
|
0-0: Foul Ball, location: 2F 0-1: Swinging Strike 0-2: Foul Ball, location: 2F 0-2: Ball 1-2: Ball 2-2: Strikes out swinging
|
|
Batting: RHB Kunimatsu Oya
|
0-0: Ball 1-0: Called Strike 1-1: Ball 2-1: Ball 3-1: Foul Ball, location: 2F 3-2: SINGLE (Groundball, 6M, EV 95.0 MPH) (infield hit) Kaoru Hamada to third
|
|
Batting: RHB Ethan McCullough
|
0-0: Ball 1-0: Called Strike 1-1: Swinging Strike 1-2: Foul Ball, location: 2F 1-2: Strikes out looking Kunimatsu Oya is caught stealing 2nd base 2-4 Batter strikes out.
|
| Bottom of the 6th over - 1 run, 3 hits, 0 errors, 1 left on base; Lansing 0 - Kannapolis 4 |
| TOP OF THE 7TH |
|
Lansing Lugnuts batting - Pitching for Kannapolis Intimidators : RHP Matt Christensen
|
|
Pitching: RHP Shinya Ito
|
|
|
Batting: LHB Roger Escareno
|
0-0: Ball 1-0: Foul Ball, location: 2F 1-1: Ground out 5-3 (Groundball, 56S, EV 83.1 MPH)
|
|
Batting: RHB Ricky Carbajal
|
0-0: Called Strike 0-1: Ball 1-1: Swinging Strike 1-2: Strikes out looking
|
|
Batting: RHB Dylan Phillips
|
0-0: Ball 1-0: Called Strike 1-1: Ball 2-1: Foul Ball, location: 2F 2-2: Foul Ball, location: 2F 2-2: Ball 3-2: Strikes out looking
|
| Top of the 7th over - 0 runs, 0 hits, 0 errors, 0 left on base; Lansing 0 - Kannapolis 4 |
| BOTTOM OF THE 7TH |
|
Kannapolis Intimidators batting - Pitching for Lansing Lugnuts : LHP Jon Valdovinos
|
|
Batting: RHB Corey Dalton
|
0-0: Ball 1-0: Foul Ball, location: 2F 1-1: Ball 2-1: Swinging Strike 2-2: Fly out, F4 (Flyball, 34D, EV 81.2 MPH)
|
|
Batting: RHB Nick Kleckner
|
0-0: Called Strike 0-1: Ball 1-1: Called Strike 1-2: Fly out, F8 (Flyball, 8RM, EV 78.8 MPH)
|
|
Batting: SHB Andres Agudo
|
0-0: Foul Ball, location: 2F 0-1: Called Strike 0-2: Ball 1-2: Ball 2-2: Ball 3-2: SINGLE (Groundball, 6MD, EV 105.0 MPH)
|
|
Pitching: RHP Ben Knapp
|
|
|
Batting: SHB Noah Long
|
0-0: Called Strike 0-1: Swinging Strike 0-2: Ball 1-2: Foul Ball, location: 2F 1-2: Fielders Choice at 2nd, 6-4 (Groundball, 6, EV 90.0 MPH)
|
| Bottom of the 7th over - 0 runs, 1 hit, 0 errors, 1 left on base; Lansing 0 - Kannapolis 4 |
| TOP OF THE 8TH |
|
Lansing Lugnuts batting - Pitching for Kannapolis Intimidators : RHP Shinya Ito
|
|
Pitching: LHP Rodolfo Valencia
|
|
|
Now at 1B: Luwen Storm
|
|
|
Now at 3B: Santos Guadalupe
|
|
|
Batting: RHB Carlos Renteria
|
0-0: Fly out, F2 (Popup, 3SF, EV 80.0 MPH)
|
|
Pinch Hitting: RHB Luis Gomez
|
0-0: Ball 1-0: Ball 2-0: Called Strike 2-1: Foul Ball, location: 2F 2-2: Ground out 5-3 (Groundball, 5S, EV 83.8 MPH)
|
|
Batting: RHB Raul de la Cruz
|
0-0: Ball 1-0: Swinging Strike 1-1: Swinging Strike 1-2: Ball 2-2: Strikes out looking
|
| Top of the 8th over - 0 runs, 0 hits, 0 errors, 0 left on base; Lansing 0 - Kannapolis 4 |
| BOTTOM OF THE 8TH |
|
Kannapolis Intimidators batting - Pitching for Lansing Lugnuts : RHP Ben Knapp
|
|
Now in RF: Luis Gomez
|
|
|
Batting: RHB Tommy Ellington
|
0-0: Foul Ball, location: 2F 0-1: Ball 1-1: Foul Ball, location: 2F 1-2: SINGLE (Groundball, 6MD, EV 105.6 MPH)
|
|
Batting: RHB Kaoru Hamada
|
0-0: Sac Bunt to P - play at first, batter OUT! 1-3 Tommy Ellington to second
|
|
Pinch Hitting: LHB Jesus Ramirez
|
0-0: Ball 1-0: Ball 2-0: Fly out, F4 (Flyball, 34D, EV 83.1 MPH)
|
|
Batting: RHB Kunimatsu Oya
|
0-0: SINGLE (Groundball, 56S, EV 73.1 MPH) (infield hit) Tommy Ellington to third
|
|
Batting: RHB Ethan McCullough
|
0-0: SINGLE (Flyball, 5D, EV 86.2 MPH) Tommy Ellington scores Kunimatsu Oya to second Runner from 2nd tries for 3rd, SAFE, throw by LF made to third
|
|
Batting: RHB Luwen Storm
|
0-0: Called Strike 0-1: Ball 1-1: Swinging Strike 1-2: Ball 2-2: Strikes out swinging
|
| Bottom of the 8th over - 1 run, 3 hits, 0 errors, 2 left on base; Lansing 0 - Kannapolis 5 |
| TOP OF THE 9TH |
|
Lansing Lugnuts batting - Pitching for Kannapolis Intimidators : LHP Rodolfo Valencia
|
|
Now in RF: Jose Pereyra
|
|
|
Batting: LHB Danny Bailey
|
0-0: Ball 1-0: Ball 2-0: Called Strike 2-1: Called Strike 2-2: Strikes out looking
|
|
Batting: RHB Butch Koglin
|
0-0: Foul Ball, location: 2F 0-1: Swinging Strike 0-2: Fly out, F7 (Flyball, 7S, EV 83.8 MPH)
|
|
Batting: RHB Javier Garcia
|
0-0: Ground out 4-3 (Groundball, 4, EV 108.8 MPH)
|
| Top of the 9th over - 0 runs, 0 hits, 0 errors, 0 left on base; Lansing 0 - Kannapolis 5 |
|